 Dungeon Crawl Stone Soup version 0.23.2 (webtiles) character file.

Game seed: 645868689611923008

18139 doot the Geomancer (level 12, -3/78 HPs)
             Began as a Vampire Earth Elementalist on Mar 31, 2019.
             Was a High Priest of Lugonu.
             Slain by Snorg (28 damage)
             ... on level 1 of the Orcish Mines.
             The game lasted 01:30:40 (19559 turns).

doot the Geomancer (Vampire Earth Elementalist)    Turns: 19559, Time: 01:30:40

Health: -3/78      AC:  0    Str:  7    XL:     12   Next: 25%
Magic:  26/28      EV: 22    Int: 22    God:    Lugonu [*****.]
Gold:   1054       SH:  0    Dex: 20    Spells: 16/35 levels left

rFire    . . .     SeeInvis +   (weapon currently unavailable)
rCold    . . .     Gourm    .   (shield currently unavailable)
rNeg     + . .     Faith    .   (armour currently unavailable)
rPois    .         Spirit   .   (helmet currently unavailable)
rElec    .         Reflect  .   (cloak currently unavailable)
rCorr    .         Harm     +   (gloves currently unavailable)
MR       +....                  (boots currently unavailable)
Stlth    +++++.....             I - amulet of harm
HPRegen  0.23/turn              (ring currently unavailable)
MPRegen  0.21/turn              (ring currently unavailable)

@: bat-form, flying, very quick
A: tiny, fangs 3, see invisible
a: End Transformation, Depart the Abyss, Bend Space, Banish, Corrupt, Enter the
Abyss, Renounce Religion


You were on level 1 of the Orcish Mines.
You worshipped Lugonu.
Lugonu was extremely pleased with you.
You were not thirsty.
You were in vampire-bat-form.
You visited 3 branches of the dungeon, and saw 15 of its levels.
You visited the Abyss 1 time.

You collected 1054 gold pieces.

Inventory:

Hand Weapons
 l - a +1 long sword
 o - a +1 scimitar of flaming
Missiles
 A - 116 stones
 O - a throwing net (quivered)
Armour
 c - a +0 robe
 f - a +2 pair of gloves (melded)
 i - +0 steam dragon scales
 y - a +0 pair of boots (melded)
 L - a +0 cloak (melded)
 N - a +0 robe of cold resistance
 Q - a +1 pair of gloves of archery
 T - a +0 troll leather armour (melded)
Magical Staves
 D - an uncursed staff of power (melded)
Jewellery
 b - an uncursed ring of ice
 e - a ring of wizardry (melded)
 n - an uncursed ring of positive energy
 q - an uncursed ring of protection from magic
 C - an uncursed amulet of the gourmand
 I - an amulet of harm (around neck)
 M - a ring of stealth (melded)
Wands
 x - a wand of random effects (10)
 z - a wand of iceblast (10)
 E - a wand of flame (12)
 P - a wand of paralysis (11)
 V - a wand of digging (9)
 X - a wand of enslavement (8)
 Y - a wand of disintegration (5)
Scrolls
 d - 5 scrolls of identify
 g - a scroll of immolation
 h - 6 scrolls of remove curse
 p - 2 scrolls of teleportation
 t - 2 scrolls of enchant weapon
 w - 2 scrolls of amnesia
 G - a scroll of fear
 H - 4 scrolls of fog
 U - a scroll of summoning {unknown}
 Z - a scroll of enchant armour {unknown}
Potions
 a - a potion of curing
 j - 4 potions of blood
 k - a potion of brilliance
 m - 2 potions of ambrosia {unknown}
 r - a potion of invisibility
 s - 2 potions of heal wounds
 u - 4 potions of agility
 v - 2 potions of haste
 F - 2 potions of flight
 K - a potion of magic
 R - a potion of mutation {unknown}
 S - 2 potions of might
 W - a potion of berserk rage {unknown}
Miscellaneous
 B - a phantom mirror


   Skills:
 + Level 2.0 Fighting
 + Level 3.1 Long Blades
 + Level 0.8 Staves
 + Level 1.2 Armour
 + Level 3.8 Dodging
 + Level 5.3 Stealth
 + Level 12.1 Spellcasting
 + Level 3.5 Hexes
 + Level 0.8 Necromancy
 + Level 1.1 Transmutations
 + Level 12.2 Earth Magic
 * Level 6.1 Invocations


You had 16 spell levels left.
You knew the following spells:

 Your Spells              Type           Power        Failure   Level  Hunger
a - Sandblast             Erth           ######       1%          1    None
b - Confuse               Hex            ####....     3%          3    None
c - Lee's Rapid Deconstr  Erth           ######....   1%          5    ####...
d - Borgnjor's Vile Clut  Necr/Erth      #####.....   10%         5    ####...
e - Tukima's Dance        Hex            ####....     3%          3    None
f - Passwall              Tmut/Erth      #####...     1%          2    None

Your spell library contained the following spells:

 Spells                   Type           Power        Failure   Level  Hunger
 Confusing Touch          Hex            ####..       1%          1    None
 Corona                   Hex            ####...      1%          1    None
 Stone Arrow              Conj/Erth      #####.       1%          3    None
 Animate Skeleton         Necr           N/A          3%          1    None
 Ensorcelled Hibernation  Hex/Ice        ###...       3%          2    None
 Petrify                  Tmut/Erth      #####...     3%          4    None
 Apportation              Tloc           ##....       4%          1    None
 Freeze                   Ice            ##..         4%          1    None
 Summon Small Mammal      Summ           ##..         4%          1    None
 Dazzling Spray           Conj/Hex       ###...       7%          3    None
 Throw Frost              Conj/Ice       ##....       8%          2    None
 Ozocubu's Armour         Chrm/Ice       ##......     14%         3    None
 Summon Ice Beast         Ice/Summ       ##......     43%         4    None
 Throw Icicle             Conj/Ice       ##......     43%         4    None
 Silence                  Hex/Air        ###.......   54%         5    ####...
 Darkness                 Hex            ####......   87%         6    #####..
 Shadow Creatures         Summ           N/A          100%        6    #####..
 Haunt                    Necr/Summ      ###.......   100%        7    #######
 Infestation              Necr           ###.......   100%        8    #######
 Borgnjor's Revivificati  Necr           Unusable     N/A         8    N/A
 Death's Door             Chrm/Necr      Unusable     N/A         8    N/A
 Necromutation            Tmut/Necr      Unusable     N/A         8    N/A

Dungeon Overview and Level Annotations

Branches:
Dungeon (12/15)            Temple (1/1) D:5            Lair (0/6) D:8
    Orc (2/2) D:9
    Elf: Orc:2

Altars:
Ashenzari
Cheibriados
Dithmenos
Elyvilon
Fedhas
Gozag
Hepliaklqana
Kikubaaqudgha
Makhleb
Nemelex Xobeh
Okawaru
Qazlal
Ru
Sif Muna
Trog
Uskayaw
Vehumet
Wu Jian
Xom
Yredelemnul
Zin
The Shining One

Annotations:
Orc:1 Snorg


Innate Abilities, Weirdness & Mutations

You have razor-sharp teeth.
You have supernaturally acute eyesight. (SInv)
((You can survive without breathing.))


Message History

Press: ? - help, Shift-Dir - straight line, f - Snorg
Aim: Snorg (berserk, fast, unusually strong, chance to defeat MR: 53%)
Okay, then.
Okay, then.
Unknown command.
Space bends around you!
You blink.
Snorg bites you! Snorg completely misses you. Snorg misses you.
Okay, then.
Space bends sharply around you!
You blink.
You turn into a vampire bat.
Your uncursed staff of power melds into your body.
Your +0 cloak melds into your body.
Your +2 pair of gloves melds into your body.
Your +0 pair of boots melds into your body.
Your +0 troll leather armour melds into your body.
Your ring of wizardry melds into your body.
Your ring of stealth melds into your body.
You feel your magic capacity decrease. Space bends sharply around you!
You blink.
Snorg bites you!!
You die...

#......# ##'## #####
##.....#####...#
###.#........#...#
#............#...#
.............#####
.......##.......#
#.......#.#....ยง####
##.....#.......T.#.##
##.............b...#
#............##....#
##........#######.####
###.....## ##....##
##.....# #..>[..######
##...## ##....##.##.##
#..##
####...<........# ####
#.#.........##..##
##.....[....#....#


You could see Snorg (berserk).

Vanquished Creatures
  An orc warlord (Orc:1)
  A hydra (D:8)
  Harold (D:8)
  Erica (D:9)
  An orc high priest (Orc:1)
  Nergalle (D:10)
  An unseen horror (D:8)
  An orc knight (Orc:1)
  An elephant (D:7)
  A cyclops (D:11)
  Psyche (D:8)
  Maurice (D:8)
  2 polar bears (D:10)
  6 trolls
  A hippogriff (D:8)
  2 dream sheep (D:8)
  A shadow (D:11)
  8 yaks
  A basilisk (D:8)
  A steam dragon (D:11)
  A hungry ghost (D:11)
  4 wargs
  14 orc warriors
  3 ice beasts (D:10)
  5 sky beasts
  2 phantoms
  8 ogres
  3 centaurs
  A crocodile (D:8)
  4 big kobolds
  6 bullfrogs
  A wyvern skeleton (D:10)
  3 scorpions
  17 killer bees
  2 howler monkeys
  7 crimson imps
  A quasit (D:10)
  A bullfrog zombie (D:5)
  A water moccasin simulacrum (D:10)
  12 hounds
  2 jellies
  15 orc wizards
  10 orc priests
  2 centaur skeletons
  6 bullfrog skeletons
  5 iguanas
  9 worker ants
  2 bullfrog simulacra (D:10)
  A centaur simulacrum (D:10)
  A hound skeleton (D:4)
  A worker ant zombie (D:7)
  10 adders
  6 gnolls
  A howler monkey skeleton (D:4)
  7 white imps (D:10)
  3 ufetubi (D:10)
  2 oozes
  An adder zombie (D:5)
  An adder skeleton (D:8)
  6 worms
  A dart slug (D:1)
  6 leopard geckos
  85 orcs
  A ball python (D:2)
  12 bats
  6 giant cockroaches
  7 hobgoblins
  2 jackals (D:6)
  12 kobolds
  6 quokkas
  8 frilled lizards
  8 goblins
  A jackal skeleton (D:6)
  A jackal zombie (D:8)
  10 rats
  A plant (D:8)
388 creatures vanquished.

Vanquished Creatures (others)
  A plant (D:8)
1 creature vanquished.

Grand Total: 389 creatures vanquished

Notes
Turn   | Place    | Note
-------+----------+-------------------------------------------
     0 | D:1      | doot the Vampire Earth Elementalist began the quest for the
                  | Orb.
     0 | D:1      | Reached XP level 1. HP: 13/13 MP: 3/3
    95 | D:1      | Reached XP level 2. HP: 15/19 MP: 0/5
   620 | D:1      | Reached XP level 3. HP: 24/24 MP: 3/6
  1451 | D:2      | Reached XP level 4. HP: 25/30 MP: 4/8
  1689 | D:2      | Found a white marble altar of Elyvilon.
  2070 | D:3      | Learned a level 3 spell: Confuse
  2463 | D:4      | Found a shadowy altar of Dithmenos.
  2799 | D:4      | Reached XP level 5. HP: 31/35 MP: 10/10
  2806 | D:4      | Learned a level 5 spell: Lee's Rapid Deconstruction
  2993 | D:4      | Reached skill level 1 in Long Blades
  3099 | D:4      | Noticed an ogre
  3103 | D:4      | Killed an ogre
  3243 | D:4      | Reached XP level 6. HP: 42/42 MP: 0/11
  3811 | D:5      | Entered Level 5 of the Dungeon
  3817 | D:5      | Reached skill level 5 in Earth Magic
  3913 | D:5      | Found an ancient bone altar of Kikubaaqudgha.
  4278 | D:5      | Reached XP level 7. HP: 39/47 MP: 13/13
  4486 | D:5      | Reached skill level 1 in Fighting
  5341 | D:5      | Found a bloodstained altar of Trog.
  5546 | D:5      | Reached skill level 5 in Spellcasting
  5804 | D:5      | Cast into level 1 of the Abyss (gnoll sergeant)
  5855 | Abyss:1  | Noticed an ancient zyme
  5929 | Abyss:1  | Learned a level 5 spell: Borgnjor's Vile Clutch
  5966 | Abyss:1  | Noticed a thrashing horror
  5995 | Abyss:1  | Noticed a spatial vortex
  5996 | Abyss:1  | Noticed a spatial vortex
  6007 | Abyss:1  | Noticed a spatial vortex
  6009 | Abyss:1  | Noticed a spatial vortex
  6013 | Abyss:1  | Noticed a spatial vortex
  6020 | Abyss:1  | Noticed a starcursed mass
  6029 | Abyss:1  | Noticed a smoke demon
  6054 | Abyss:1  | Found a corrupted altar of Lugonu.
  6058 | Abyss:1  | Became a worshipper of Lugonu the Unformed
  6058 | Abyss:1  | Reached * piety under Lugonu
  6059 | D:5      | Escaped the Abyss
  6206 | D:5      | Found a staircase to the Ecumenical Temple.
  6215 | Temple   | Entered the Ecumenical Temple
  6333 | D:5      | Reached XP level 8. HP: 45/55 MP: 9/16
  7236 | D:6      | Found an opulent altar of Gozag.
  7982 | D:7      | Reached XP level 9. HP: 53/61 MP: 5/20
  9170 | D:7      | Reached ** piety under Lugonu
  9590 | D:7      | Learned a level 3 spell: Tukima's Dance
  9818 | D:8      | Noticed Maurice
  9824 | D:8      | Killed Maurice
  9958 | D:8      | Found a shattered altar of Ashenzari.
 10315 | D:8      | Reached skill level 1 in Hexes
 10327 | D:8      | Noticed an elephant
 10331 | D:8      | Noticed Psyche
 10600 | D:8      | Noticed an unseen horror
 10614 | D:8      | Noticed Harold
 10615 | D:8      | Reached skill level 1 in Invocations
 10702 | D:8      | Found a staircase to the Lair.
 10778 | D:9      | Noticed Erica
 10782 | D:9      | Killed Erica
 10782 | D:9      | Reached XP level 10. HP: 67/67 MP: 3/23
 11039 | D:9      | Found a staircase to the Orcish Mines.
 11585 | D:10     | Entered Level 10 of the Dungeon
 11910 | D:10     | Reached skill level 5 in Stealth
 12053 | D:10     | Reached skill level 10 in Spellcasting
 12217 | D:10     | Reached *** piety under Lugonu
 12486 | D:10     | Reached skill level 10 in Earth Magic
 13462 | D:8      | Killed an unseen horror
 13462 | D:8      | Reached XP level 11. HP: 65/72 MP: 25/25
 14038 | D:8      | Killed Psyche
 14211 | D:8      | Noticed a three-headed hydra
 14217 | D:8      | Killed a three-headed hydra
 14339 | D:8      | Found a blossoming altar of Fedhas.
 14349 | D:8      | Killed Harold
 14349 | D:8      | Reached **** piety under Lugonu
 14693 | D:11     | Noticed Nergalle
 14702 | D:10     | Killed Nergalle
 14702 | D:10     | Reached skill level 5 in Invocations
 15544 | D:12     | Reached skill level 1 in Armour
 15711 | Orc:1    | Entered Level 1 of the Orcish Mines
 15939 | Orc:1    | Learned a level 2 spell: Passwall
 16218 | Orc:1    | Reached ***** piety under Lugonu
 16503 | Orc:1    | Noticed an orc warlord
 16755 | Orc:1    | Noticed an orc knight
 16879 | Orc:1    | Killed an orc knight
 17069 | Orc:1    | Reached XP level 12. HP: 78/78 MP: 27/27
 18603 | Orc:1    | Killed an orc warlord
 18753 | Orc:2    | Entered Level 2 of the Orcish Mines
 18835 | Orc:2    | Noticed an orc high priest
 18844 | Orc:1    | Killed an orc high priest
 19234 | Orc:2    | Noticed Snorg
 19559 | Orc:1    | Slain by Snorg

Skill      XL: |  1  2  3  4  5  6  7  8  9 10 11 12 |
---------------+-------------------------------------+-----
Earth Magic    | 4 5 6 7 9 10 12 | 12.2
Spellcasting   | 3 4 5 7 9 10 11 12 | 12.1
Long Blades    | 1 2 3 |  3.1
Dodging        | 3 |  3.8
Stealth        | 4 5 |  5.3
Fighting       | 1 2 |  2.0
Hexes          | 2 3 |  3.5
Invocations    | 2 3 5 6 |  6.1
Armour         | 1 |  1.2
Staves         | |  0.8
Necromancy     | |  0.8
Transmutations | |  1.1

Action                   |  1- 3 |  4- 6 |  7- 9 | 10-12 || total
-------------------------+-------+-------+-------+-------++-------
Melee: Unarmed           |     1 |       |     2 |       ||     3
       Long sword        |     2 |    92 |    24 |       ||   118
       Bite              |       |     7 |     7 |       ||    14
       Staff             |       |       |    23 |     5 ||    28
Throw: Throwing net      |       |       |       |     1 ||     1
 Cast: Sandblast         |    66 |    35 |    18 |    94 ||   213
       Confuse           |       |     5 |     4 |     9 ||    18
       Lee's Rapid Decon |       |    18 |   107 |   175 ||   300
       Tukima's Dance    |       |       |     3 |     7 ||    10
       Borgnjor's Vile C |       |       |     1 |       ||     1
       Passwall          |       |       |       |     3 ||     3
Invok: Depart the Abyss  |       |       |     1 |       ||     1
       Bend Space        |       |       |       |     3 ||     3
 Abil: Bat Form          |     1 |       |     6 |    16 ||    23
       End Transformatio |     1 |       |     6 |    15 ||    22
Evoke: Wand              |       |       |       |     1 ||     1
  Use: Potion            |     4 |    11 |    42 |    37 ||    94
       Scroll            |       |     6 |    12 |       ||    18
 Stab: Sleeping          |       |     4 |     1 |       ||     5
       Confused          |       |     1 |       |       ||     1
       Distracted        |       |     1 |       |       ||     1
  Eat: Corpse            |       |       |     2 |     6 ||     8
Armor: Robe              |    11 |    26 |    32 |     6 ||    75
       Troll leather arm |       |       |       |    21 ||    21
Dodge: Dodged            |    36 |    78 |    83 |    72 ||   269
       Rpst.: Long sword |     5 |    23 |     5 |       ||    33
